 Dungeon Crawl Stone Soup version bcrawl-1.38.3 (webtiles) character file.

Game seed: 12299207686949917848

514096 Morbidden the Basher (level 15, -7/92 HPs)
             Began as a Skeleton Archaeologist on July 3, 2023.
             Was the Champion of Vehumet.
             Killed by divine providence
             ... invoked by a meliai
              (10 damage)
             ... on level 12 of the Dungeon.
             The game lasted 00:40:04 (20009 turns).

Morbidden the Basher (Skeleton Archaeologist)      Turns: 20009, Time: 00:40:05

Health: -7/92      AC: 32    Str: 25 (26) XL:     15   Next: 1%
Magic:  0/38       EV:  7    Int: 18      God:    Vehumet [******]
Gold:   980        SH: 12    Dex: 11      Spells: 10/34 levels left

rFire    . . .     GDR:     32% b - +8 mithril axe "Arga" {speed, MR+}
rCold    + + .     SeeInvis .   K - +0 medium shield {rC+}
rNeg     + + +     Gourm    .   z - +0 crystal plate armour
rPois    ∞         Faith    .   A - +5 helmet of the Other World {rElec Str+2 Dex+4}
rElec    +         Spirit   +   B - +1 cloak
rCorr    .         Reflect  .   (no gloves)
MR       +++..                  e - +1 pair of boots
Stlth    ..........             h - amulet of magic regeneration
HPRegen  0.25/turn              H - +5 ring of strength
MPRegen  0.58/turn              c - ring of magical power

@: about to teleport, marked, very slightly contaminated
A: no food or potions, cold resistance 1, deterioration 1, negative energy
resistance 3, powered by death 1, torment resistance, unbreathing, magic shield,
sturdy frame 2, spell healing
a: Renounce Religion


You were on level 12 of the Dungeon.
You worshipped Vehumet.
Vehumet was exalted by your worship.
You were not hungry.

You visited 3 branches of the dungeon, and saw 19 of its levels.
You also visited: Gauntlet.

You collected 2199 gold pieces.
You spent 1219 gold pieces at shops.

Inventory:

Hand Weapons
 a - a +3 eveningstar of freezing
 b - the +8 mithril axe "Arga" (weapon) {speed, MR+}
   (You bought it in a shop on level 10 of the Dungeon)

   Attacks with this weapon are significantly faster.
   It affects your resistance to hostile enchantments.
 n - a +0 blowgun
 v - a +3 scimitar of flaming
Missiles
 k - 384 poisoned needles
 q - 282 poisoned tomahawks
 y - 443 javelins (quivered)
Armour
 d - the cursed +0 hat of Futuristic Joy {*Drain rF++ Dex+5}
   (You found it in a Gauntlet)

   It affects your dexterity (+5).
   It greatly protects you from fire.
   It causes draining when unequipped.
   It has a curse placed upon it.
 e - a +1 pair of boots (worn)
 w - a +2 helmet of see invisible
 z - a +0 crystal plate armour (worn)
 A - the +5 helmet of the Other World (worn) {rElec Str+2 Dex+4}
   (You found it in a Gauntlet)

   It affects your strength (+2).
   It affects your dexterity (+4).
   It insulates you from electricity.
 B - a +1 cloak (worn)
 F - the +5 chain mail "Pikiere" {rPois rN+ Str+3 Dex+2}
   (You found it on level 6 of the Lair of Beasts)

   It affects your strength (+3).
   It affects your dexterity (+2).
   It protects you from poison.
   It protects you from negative energy.
 K - a +0 medium shield of cold resistance (worn)
 N - the +7 chain mail "Mamuq" {rC++}
   (You found it on level 11 of the Dungeon)

   It greatly protects you from cold.
Jewellery
 c - a ring of magical power (right hand)
 h - an amulet of magic regeneration (around neck)
 H - a +5 ring of strength (left hand)
 L - an uncursed ring of protection from fire
Wands
 f - a wand of paralysis (25)
 o - a wand of polymorph (15)
 p - a wand of flame (24)
 r - a wand of iceblast (25)
 x - a wand of random effects (6)
 C - a wand of acid (17)
 J - a wand of digging (13)
 M - a wand of charming (9)
Scrolls
 g - 3 scrolls of magic mapping
 i - 3 scrolls of identify
 j - 4 scrolls of vulnerability
 l - 7 scrolls of teleportation
 m - 6 scrolls of remove curse
 s - a scroll of enchant weapon
 t - a scroll of amnesia
 u - 7 scrolls of enchant armour
 D - 2 scrolls of noise
 G - a scroll of brand weapon
 I - a scroll of immolation


   Skills:
 * Level 10.1 Fighting
 * Level 3.1(9.7) Axes
 * Level 13.8(13.9) Maces & Flails
 * Level 6.5 Throwing
 * Level 10.6 Armour
 * Level 8.3 Dodging
 + Level 4.0 Stealth
 * Level 10.0 Shields
 * Level 10.2 Spellcasting
 * Level 7.3 Conjurations
 * Level 4.3 Charms
 * Level 3.0 Translocations
 * Level 3.9 Fire Magic
 * Level 4.5 Earth Magic
 * Level 6.1 Evocations


You had 10 spell levels left.
You knew the following spells:

 Your Spells              Type           Power        Failure   Level  Hunger
a - Searing Ray           Conj           #####...     11%         2    N/A
b - Iskenderun's Mystic   Conj           #####...     22%         3    N/A
c - Conjure Flame         Conj/Fire      ####....     38%         3    N/A
d - Time Stop             Chrm/Tloc      N/A          100%        8    N/A
e - Stone Arrow           Conj/Erth      ####..       36%         3    N/A
f - Bolt of Magma         Conj/Fire/Erth ####......   98%         5    N/A

Your spell library contained the following spells:

 Spells                   Type           Power        Failure   Level  Hunger
 Throw Frost              Conj/Ice       ###...       19%         2    N/A
 Sandblast                Erth           ####..       22%         1    N/A
 Infusion                 Chrm           ###.....     67%         1    N/A
 Freeze                   Ice            #.....       78%         1    N/A
 Song of Slaying          Chrm           ###.....     80%         2    N/A
 Throw Icicle             Conj/Ice       ###.....     95%         4    N/A
 Passwall                 Tmut/Erth      ###.....     98%         2    N/A
 Swiftness                Chrm/Air       ###.....     98%         2    N/A
 Dazzling Orbs            Conj/Hex       ###....      98%         3    N/A
 Lee's Rapid Deconstruct  Erth           ####......   99%         5    N/A
 Ensorcelled Hibernation  Hex/Ice        #.....       100%        2    N/A
 Confuse                  Hex            #.......     100%        3    N/A
 Ozocubu's Armour         Chrm/Ice       ###.....     100%        3    N/A
 Spectral Weapon          Hex/Chrm       ###.....     100%        3    N/A
 Petrify                  Tmut/Erth      ###.......   100%        4    N/A
 Summon Ice Beast         Ice/Summ       #.......     100%        4    N/A
 Yara's Violent Unravell  Hex/Tmut       #.........   100%        4    N/A
 Silence                  Hex/Air        #.........   100%        5    N/A
 Borgnjor's Vile Clutch   Necr/Erth      ###.......   100%        6    N/A
 Darkness                 Hex            #.........   100%        6    N/A
 Infestation              Hex/Tmut/Pois  #........    100%        6    N/A
 Shadow Creatures         Summ           N/A          100%        7    N/A
 Regeneration             Chrm/Necr      Unusable     N/A         3    N/A
 Ice Form                 Ice/Tmut       Unusable     N/A         4    N/A

Dungeon Overview and Level Annotations

Branches:
Dungeon (12/12)            Temple (1/1) D:6            Lair (6/6) D:9
  Swamp (0/3) Lair:2       Spider (0/3) Lair:2        Slime (0/5) Lair:5
    Orc (0/1) D:10         Vaults (0/3) D:12
 Depths: D:12

Altars:
Cheibriados
Gozag
Lugonu
Qazlal
Ru
Sif Muna
Uskayaw
Vehumet
Jiyva

Shops:
D:7 }   D:10 (!?}   D:11 *

Portals:
Abyss: Lair:2

Annotations:
D:7 2 transporters, yrara's ghost, novice DsFi
D:9 2 transporters, yrara's ghost, journeyman DsFi
D:12 Nessos; Psyche
Lair:1 exclusion: oklob plant
Lair:5 exclusion: 4 oklob plants
Lair:6 1 runed door


Innate Abilities, Weirdness & Mutations

You do not eat or drink.
You are immune to poison.
Your flesh is cold resistant. (rC+)
Your body sometimes deteriorates upon taking damage.
You are immune to negative energy. (rN+++)
You regenerate a little health from kills.
You are immune to unholy pain and torment.
You can survive without breathing.
When hurt, damage is shared between your health and your magic reserves.
Your movements are less encumbered by armour. (ER -4)
Casting spells heals you.


Message History

The meliai invokes the aid of its god against you.
Something smites you!
* * * LOW HITPOINT WARNING * * *
Your body deteriorates!
You feel weakened.
No path to travel!
No path to travel!
No path to travel!
You can't drink.
Unknown command.
A worker ant comes into view.
The meliai calls upon its god to heal something.
An orc sorcerer comes into view. It is wielding a +0 dagger.
Unknown command.
Unknown command.
As you read the scroll of teleportation, it crumbles to dust.
You feel strangely unstable.
The worker ant bites you but does no damage.
The meliai mumbles some strange prayers to its god against you.
Something smites you!
You die...

#^.§.y..$.#
##y#####..#
###.# #..y.
#.#.# #
#.#y#
#.#$#.#
####..a#.#
......G@.#
.........#
...........
...........#
...........#
..o.....!..#
........####
##o###.##


You could see an eye of draining, an orc sorcerer, 3 meliai, a worker ant and an
orc.

Vanquished Creatures
  A minotaur (Gauntlet)
  A green death (Gauntlet)
  3 hydras
  Erolcha (D:9)
  Erica (D:9)
  A catoblepas (Lair:6)
  An alligator (Lair:6)
  A tengu warrior (D:10)
  A queen ant (Gauntlet)
  An ogre mage (D:8)
  13 death yaks
  Nergalle (D:9)
  8 skeletal warriors (D:11)
  A fire crab (Lair:6)
  An unseen horror (D:8)
  A cyclops (D:9)
  A deep elf mage (D:11)
  A lindwurm (Lair:6)
  A manticore (Lair:6)
  7 elephants
  5 torpor snails (Lair:6)
  4 black mambas
  A molten gargoyle (Lair:4)
  Joseph (D:9)
  12 cane toads
  A freezing wraith (D:11)
  2 rime drakes
  7 komodo dragons
  A kobold demonologist (D:8)
  A queen bee (Lair:5)
  10 polar bears
  3 meliai (Lair:5)
  5 trolls
  6 hornets (Lair:6)
  4 tyrant leeches (Lair:6)
  A raiju (Lair:6)
  Prince Ribbit (D:8)
  A blink frog (shapeshifter) (D:11)
  18 blink frogs
  10 hippogriffs
  Grum (D:10)
  A tarantella (shapeshifter) (D:11)
  35 yaks
  2 shadows
  A wraith (D:11)
  A vampire (D:10)
  A ynoxinul (Gauntlet)
  A spriggan (D:7)
  3 wyverns
  6 basilisks
  3 hungry ghosts
  2 steam dragons
  An acid dragon (Lair:5)
  4 wargs (Lair:6)
  14 crocodiles
  9 water moccasins
  16 hell hounds (Lair:6)
  6 porcupines
  8 orc warriors
  5 soldier ants
  A hornet zombie (D:8)
  6 ice beasts
  3 sky beasts
  15 black bears
  22 wolves
  9 ogres
  9 bullfrogs
  5 kobold brigands
  6 centaurs
  A wyvern skeleton (D:7)
  4 scorpions
  43 killer bees
  7 wights
  3 howler monkeys
  7 electric eels
  2 orc priests
  7 crimson imps
  A bullfrog zombie (D:5)
  5 lava snakes (Lair:4)
  5 hounds
  4 iron imps (Gauntlet)
  5 iguanas
  Jessica (D:2)
  7 orc wizards
  6 worker ants
  3 hound skeletons
  A worker ant zombie (D:10)
  14 gnolls
  6 adders
  5 shadow imps
  An ooze (D:4)
  An adder zombie (D:7)
  An adder skeleton (D:6)
  4 worms
  4 leopard geckos
  35 orcs
  2 giant cockroaches
  4 goblins
  6 hobgoblins
  7 jackals
  A quokka (D:7)
  4 bats
  3 frilled lizards
  14 kobolds
  A quokka skeleton (D:6)
  8 rats
  3 plants
573 creatures vanquished.

Vanquished Creatures (others)
  6 fungi
  A lurking horror (Lair:2)
  71 plants
78 creatures vanquished.

Grand Total: 651 creatures vanquished

Notes
Turn   | Place    | Note
-------+----------+-------------------------------------------
     0 | D:1      | Morbidden the Skeleton Archaeologist began the quest for
                  | the Orb.
     0 | D:1      | Reached XP level 1. HP: 12/12 MP: 1/1
   226 | D:1      | Reached XP level 2. HP: 16/16 MP: 2/2
   885 | D:2      | Reached skill level 2 in Maces & Flails
   885 | D:2      | Reached XP level 3. HP: 16/20 MP: 3/3
   908 | D:2      | Noticed Jessica
   930 | D:2      | Killed Jessica
   931 | D:2      | Reached skill level 1 in Armour
   931 | D:2      | Reached skill level 1 in Spellcasting
  1101 | D:2      | Reached XP level 4. HP: 23/26 MP: 5/5
  2221 | D:3      | Found a snail-covered altar of Cheibriados.
  2318 | D:4      | Noticed an ogre
  2339 | D:4      | Killed an ogre
  2340 | D:4      | Reached skill level 3 in Maces & Flails
  2340 | D:4      | Reached skill level 1 in Throwing
  2340 | D:4      | Reached XP level 5. HP: 31/31 MP: 7/7
  2340 | D:4      | Identified a scroll of acquirement
  2340 | D:4      | Identified the +8 great mace "Cuicary" {pain, rF+ rN+
                  | Str-2} (You acquired it on level 4 of the Dungeon)
  2479 | D:4      | Reached skill level 1 in Shields
  2660 | D:4      | Noticed a sky beast
  2686 | D:4      | Killed a sky beast
  2687 | D:4      | Gained mutation: You regenerate a little health from kills.
                  | [Skeleton growth]
  2687 | D:4      | Reached XP level 6. HP: 26/37 MP: 8/8
  2757 | D:4      | Noticed an ice beast
  2769 | D:4      | Killed an ice beast
  3213 | D:4      | Reached XP level 7. HP: 44/44 MP: 10/10
  3618 | D:5      | Entered Level 5 of the Dungeon
  3735 | D:5      | Reached skill level 4 in Maces & Flails
  3907 | D:5      | Got a distressingly furry plate armour
  3908 | D:5      | Identified the +5 plate armour "Qaoby" {rF- rN+++ Str+4
                  | Int+4} (You found it on level 5 of the Dungeon)
  4477 | D:6      | Reached skill level 5 in Fighting
  4477 | D:6      | Reached XP level 8. HP: 46/49 MP: 12/12
  4509 | D:6      | Reached skill level 5 in Maces & Flails
  5026 | D:6      | Found a staircase to the Ecumenical Temple.
  5035 | Temple   | Entered the Ecumenical Temple
  5098 | Temple   | Became a worshipper of Vehumet
  5266 | D:7      | Reached skill level 6 in Maces & Flails
  5388 | D:7      | Found a transporter.
  5393 | D:7      | Found a transporter.
  5394 | D:7      | Noticed yrara's ghost (novice DsFi)
  5399 | D:7      | Noticed a queen bee
  5450 | D:7      | Noticed a hornet
  5476 | D:7      | Noticed a hippogriff
  5483 | D:7      | Killed a hippogriff
  5484 | D:7      | Reached XP level 9. HP: 45/55 MP: 15/15
  5499 | D:7      | Found Poynk's Gadget Shop.
  5546 | D:7      | Reached skill level 1 in Evocations
  5644 | D:7      | Noticed a troll
  5663 | D:7      | Reached skill level 5 in Armour
  5666 | D:7      | Reached * piety under Vehumet
  5666 | D:7      | Offered knowledge of Sandblast by Vehumet.
  6072 | D:7      | Killed a troll
  6073 | D:7      | Reached skill level 7 in Maces & Flails
  6167 | D:7      | Learned a level 1 spell: Sandblast
  6203 | D:7      | Reached skill level 5 in Dodging
  6357 | D:7      | Reached skill level 5 in Spellcasting
  6554 | D:8      | Found a stormy altar of Qazlal.
  6566 | D:8      | Reached skill level 1 in Earth Magic
  6671 | D:8      | Noticed a kobold demonologist
  6678 | D:8      | Killed a kobold demonologist
  6839 | D:8      | Reached skill level 8 in Maces & Flails
  6850 | D:8      | Gained mutation: Your movements are less encumbered by
                  | armour. (ER -4) [Skeleton growth]
  6850 | D:8      | Reached XP level 10. HP: 45/61 MP: 18/18
  6927 | D:8      | Noticed an ogre mage
  6940 | D:8      | Noticed Prince Ribbit
  6953 | D:8      | Killed an ogre mage
  6956 | D:8      | Killed Prince Ribbit
  7005 | D:8      | Killed an unseen horror
  7322 | D:8      | Reached ** piety under Vehumet
  7322 | D:8      | Offered knowledge of Searing Ray by Vehumet.
  7339 | D:8      | Learned a level 2 spell: Searing Ray
  7693 | D:8      | Reached skill level 5 in Shields
  8159 | D:9      | Noticed yrara's ghost (journeyman DsFi)
  8171 | D:9      | Noticed a wolf spider
  8181 | D:9      | Found a transporter.
  8189 | D:9      | Found a transporter.
  8272 | D:9      | Reached skill level 1 in Conjurations
  8530 | D:9      | Noticed Psyche
  8530 | D:9      | Noticed Nergalle
  8563 | D:9      | HP: 3/63 [Psyche/poison arrow (4)]
  8576 | D:9      | HP: 1/63 [Psyche/wand of iceblast (7) (4)]
  8580 | D:9      | Noticed Psyche
  8580 | D:9      | Psyche changed into Psyche the cane toad
  8753 | D:9      | Noticed Joseph
  8762 | D:9      | Killed Joseph
  8819 | D:9      | Noticed Erolcha
  8840 | D:9      | Reached skill level 9 in Maces & Flails
  8847 | D:9      | Killed Erolcha
  8848 | D:9      | Reached XP level 11. HP: 50/68 MP: 20/20
  8860 | D:9      | Offered knowledge of Inner Flame by Vehumet.
  8898 | D:9      | Noticed a cyclops
  8930 | D:9      | Killed a cyclops
  8931 | D:9      | Reached skill level 5 in Throwing
  9081 | D:9      | Found a staircase to the Lair.
  9306 | D:9      | Killed Nergalle
  9359 | D:9      | Noticed Erica
  9375 | D:9      | Killed Erica
  9565 | Lair:1   | Entered Level 1 of the Lair of Beasts
  9565 | Lair:1   | Found a gate leading to a gauntlet.
  9576 | Gauntlet | Entered a Gauntlet
  9576 | Gauntlet | Found a transporter.
  9576 | Gauntlet | Found a transporter.
  9580 | Gauntlet | Found a transporter.
  9580 | Gauntlet | Found a transporter.
  9591 | Gauntlet | Found a transporter.
  9591 | Gauntlet | Found a transporter.
  9598 | Gauntlet | Noticed a death ooze
  9600 | Gauntlet | Found a transporter.
  9600 | Gauntlet | Found a transporter.
  9600 | Gauntlet | Noticed a green death
  9623 | Gauntlet | Found a transporter.
  9637 | Gauntlet | Found a transporter.
  9649 | Gauntlet | Noticed a death drake
  9649 | Gauntlet | a yaktaur changed into a death drake
  9655 | Gauntlet | Noticed a death scarab
  9657 | Gauntlet | Found a transporter.
  9663 | Gauntlet | Noticed a two-headed ogre
  9663 | Gauntlet | a two-headed ogre changed into an elephant
  9671 | Gauntlet | Found a transporter.
  9678 | Gauntlet | Noticed a deep troll
  9678 | Gauntlet | a faun changed into a deep troll
  9708 | Gauntlet | Found a transporter.
  9722 | Gauntlet | Noticed a queen ant
  9723 | Gauntlet | Found a transporter.
  9738 | Gauntlet | Noticed a cyclops
  9822 | Gauntlet | Found a transporter.
  9837 | Gauntlet | Found a transporter.
 10028 | Gauntlet | Reached *** piety under Vehumet
 10041 | Gauntlet | Killed a queen ant
 10177 | Gauntlet | Noticed a two-headed ogre
 10179 | Gauntlet | Noticed a glowing orange brain
 10180 | Gauntlet | a glowing orange brain changed into a jumping spider
 10214 | Gauntlet | Killed a green death
 10220 | Gauntlet | Got a blackened hat
 10221 | Gauntlet | Identified the cursed +0 hat of Futuristic Joy {*Drain rF++
                  | Dex+5} (You found it in a Gauntlet)
 10289 | Gauntlet | Noticed a minotaur
 10311 | Gauntlet | Killed a minotaur
 10396 | Gauntlet | Got a jewelled helmet
 10405 | Gauntlet | Identified the +5 helmet of the Other World {rElec Str+2
                  | Dex+4} (You found it in a Gauntlet)
 10450 | Lair:1   | Noticed an oklob plant
 10648 | Lair:1   | Noticed a seven-headed hydra
 10656 | Lair:1   | Killed a seven-headed hydra
 10731 | Lair:1   | Got a glittering pewter amulet
 10845 | Lair:1   | Identified the amulet of Moral Flaws {Acrobat rF- rC+
                  | Int+5} (You found it on level 1 of the Lair of Beasts)
 10918 | Lair:1   | Reached XP level 12. HP: 75/75 MP: 23/23
 11229 | Lair:2   | Noticed a four-headed hydra
 11234 | Lair:2   | Killed a four-headed hydra
 11355 | Lair:2   | Reached skill level 10 in Maces & Flails
 11425 | Lair:2   | Found a hole to the Spider Nest.
 11510 | Lair:2   | Found a corrupted altar of Lugonu.
 11511 | Lair:2   | Found a one-way gate to the infinite horrors of the Abyss.
 11552 | Lair:2   | Found a staircase to the Swamp.
 12109 | Lair:3   | Offered knowledge of Iskenderun's Mystic Blast by Vehumet.
 12122 | Lair:3   | Learned a level 3 spell: Iskenderun's Mystic Blast
 12575 | Lair:3   | Reached skill level 11 in Maces & Flails
 13587 | Lair:4   | Reached **** piety under Vehumet
 13893 | Lair:4   | Got a fine jade amulet
 13894 | Lair:4   | Identified the cursed amulet of Curiosity {Inacc MR+} (You
                  | found it on level 4 of the Lair of Beasts)
 14271 | Lair:5   | Offered knowledge of Conjure Flame by Vehumet.
 14283 | Lair:5   | Learned a level 3 spell: Conjure Flame
 14376 | Lair:5   | Reached skill level 5 in Conjurations
 14400 | Lair:5   | Reached skill level 1 in Fire Magic
 14508 | Lair:5   | Reached skill level 5 in Evocations
 14570 | Lair:5   | Learned a level 8 spell: Time Stop
 14579 | Lair:5   | Noticed a death yak
 14581 | Lair:5   | Noticed a death yak
 14589 | Lair:5   | Reached XP level 13. HP: 80/80 MP: 25/25
 14605 | Lair:5   | Reached skill level 12 in Maces & Flails
 14668 | Lair:5   | Reached skill level 1 in Charms
 15143 | Lair:5   | Found a viscous altar of Jiyva.
 15144 | Lair:5   | Found a staircase to the Slime Pits.
 15254 | Lair:5   | Reached skill level 1 in Translocations
 15316 | Lair:5   | Got a shimmering ring mail
 15326 | Lair:5   | Identified the +5 ring mail of Qudesug {rF+ rC- Slay+5}
                  | (You found it on level 5 of the Lair of Beasts)
 15437 | Lair:6   | Entered Level 6 of the Lair of Beasts
 15458 | Lair:6   | Reached ***** piety under Vehumet
 15458 | Lair:6   | Offered knowledge of Sticky Flame by Vehumet.
 15468 | Lair:6   | Learned a level 3 spell: Stone Arrow
 15484 | Lair:6   | Got a crude chain mail
 15954 | Lair:5   | Reached skill level 10 in Armour
 16020 | Lair:6   | Reached skill level 13 in Maces & Flails
 16217 | Lair:5   | Reached XP level 14. HP: 70/86 MP: 27/27
 16957 | Lair:6   | Identified the +5 chain mail "Pikiere" {rPois rN+ Str+3
                  | Dex+2} (You found it on level 6 of the Lair of Beasts)
 17351 | Lair:6   | Found a runed door.
 17500 | Lair:6   | Reached skill level 10 in Fighting
 17945 | D:10     | Entered Level 10 of the Dungeon
 17948 | D:10     | Found Taadun's Gadget Shop.
 17981 | D:10     | Bought a wand of digging (4) for 160 gold pieces
 17999 | D:10     | Found Vofohuxo's Magic Scroll Emporium.
 18046 | D:10     | Bought a scroll of teleportation for 45 gold pieces
 18046 | D:10     | Bought a scroll of teleportation for 45 gold pieces
 18107 | D:10     | Found Quedd's Weapon Shoppe.
 18115 | D:10     | Bought the +8 mithril axe "Arga" {speed, MR+} for 969 gold
                  | pieces
 18115 | D:10     | Found the +8 mithril axe "Arga" {speed, MR+}
 18164 | D:10     | Found a staircase to the Orcish Mines.
 18180 | D:10     | Reached skill level 1 in Axes
 18219 | D:10     | Noticed Grum
 18229 | D:10     | Killed Grum
 18346 | D:10     | Reached skill level 10 in Spellcasting
 18394 | D:10     | Found Anwet's Distillery.
 18638 | D:11     | Found Kiang's Assorted Antiques.
 18718 | D:11     | Reached ****** piety under Vehumet
 19055 | D:11     | Reached skill level 10 in Shields
 19135 | D:11     | Got a fading chain mail
 19206 | D:11     | Identified the +7 chain mail "Mamuq" {rC++} (You found it
                  | on level 11 of the Dungeon)
 19296 | D:11     | Offered knowledge of Bolt of Magma by Vehumet.
 19310 | D:11     | Learned a level 5 spell: Bolt of Magma
 19456 | D:11     | Reached XP level 15. HP: 59/92 MP: 29/29
 19996 | D:12     | Entered Level 12 of the Dungeon
 19996 | D:12     | Found a gate to the Vaults.
 19996 | D:12     | Noticed Nessos
 20007 | D:12     | HP: 2/92 [meliai/divine providence (12)]
 20009 | D:12     | Killed from afar by a meliai

Skill      XL: |  1  2  3  4  5  6  7  8  9 10 11 12 13 14 |
---------------+-------------------------------------------+-----
Maces & Flails | 2 3 4 6 8 9 11 13 | 13.8
Fighting       | 2 3 4 5 6 7 8 9 10 | 10.1
Armour         | 1 2 3 4 6 7 8 9 10 | 10.6
Spellcasting   | 1 2 3 4 5 6 7 8 9 10 | 10.2
Throwing       | 1 2 3 4 5 6 |  6.5
Shields        | 1 2 3 4 5 6 7 8 10 | 10.0
Stealth        | 4 |  4.0
Dodging        | 4 5 6 7 8 |  8.3
Evocations     | 2 3 4 5 6 |  6.1
Earth Magic    | 1 2 3 4 |  4.5
Conjurations   | 1 3 5 6 7 |  7.3
Fire Magic     | 1 2 3 |  3.9
Charms         | 2 4 |  4.3
Translocations | 2 3 |  3.0
Axes           | 3 |  3.1

Action                   |  1- 3 |  4- 6 |  7- 9 | 10-12 | 13-15 || total
-------------------------+-------+-------+-------+-------+-------++-------
Melee: Whip              |   103 |    76 |       |       |       ||   179
       Flail             |       |   122 |   511 |   266 |       ||   899
       Eveningstar       |       |       |       |   395 |   865 ||  1260
       Broad axe         |       |       |       |       |   161 ||   161
 Fire: Blowgun           |    49 |    67 |    51 |    39 |       ||   206
Throw: Tomahawk          |       |       |    42 |   131 |       ||   173
       Javelin           |       |       |       |    20 |    43 ||    63
 Cast: Searing Ray       |       |       |       |     9 |     5 ||    14
Evoke: Wand              |       |       |       |     6 |     7 ||    13
  Use: Scroll            |     1 |     5 |     3 |    13 |    10 ||    32
 Stab: Sleeping          |       |     8 |     1 |       |       ||     9
       Petrifying        |       |       |       |       |     2 ||     2
       Petrified         |       |       |       |       |     2 ||     2
Armor: Robe              |    48 |    15 |       |       |       ||    63
       Scale mail        |       |    86 |    20 |       |       ||   106
       Plate armour      |       |       |   334 |   393 |       ||   727
       Crystal plate arm |       |       |       |   245 |   821 ||  1066
Dodge: Dodged            |    95 |    93 |   196 |   320 |   293 ||   997
Block: Buckler           |       |    32 |   103 |   143 |       ||   278
       Medium shield     |       |       |       |   221 |   705 ||   926
